 Dungeon Crawl Stone Soup version 0.27.1-33-g824d729ab1 (webtiles) character file.

Game seed: 12918088155664029457

80 H0rd4k the Charlatan (level 4, 0/32 HPs)
             Began as a Human Artificer on Nov 25, 2021.
             Slain by a ball python (1 damage)
             ... on level 2 of the Dungeon.
             The game lasted 00:04:07 (2801 turns).

H0rd4k the Charlatan (Human Artificer)              Turns: 2801, Time: 00:04:07

Health: 0/32       AC:  3    Str: 14    XL:     4   Next: 65%
Magic:  4/4        EV: 11    Int: 11    God:
Gold:   27         SH:  0    Dex: 13    Spells: 3/3 levels left

rFire    . . .     SeeInvis .   h - +0 dagger
rCold    . . .     Faith    .   (no shield)
rNeg     . . .     Spirit   .   b - +0 leather armour
rPois    .         Reflect  .   (no helmet)
rElec    .         Harm     .   (no cloak)
rCorr    .         Rampage  .   (no gloves)
Will     .....                  (no boots)
Stlth    +.........             (no amulet)
HPRegen  0.10/turn              (no ring)
MPRegen  0.09/turn              (no ring)

@: no status effects
A: no striking features
a: no special abilities


You were on level 2 of the Dungeon.
You visited 1 branch of the dungeon, and saw 3 of its levels.

You collected 27 gold pieces.

Inventory:

Hand Weapons
 c - a +0 vampiric short sword
 h - a +0 dagger (weapon)
Missiles
 k - 5 boomerangs
Armour
 b - a +0 leather armour (worn)
Wands
 d - a wand of charming (10)
Scrolls
 a - a scroll of teleportation {unknown}
 f - a scroll of vulnerability {unknown}
 j - a scroll of noise {unknown}
 l - a scroll of magic mapping {unknown}
Potions
 i - a potion of flight {unknown}
Miscellaneous
 e - a piece from Xom's chessboard (15/15)


   Skills:
 + Level 1.5 Fighting
 + Level 0.5 Short Blades
 - Level 2.0 Armour
 + Level 1.5 Dodging
 - Level 1.0 Stealth
 + Level 4.5 Evocations


You had 3 spell levels left.
You didn't know any spells.
Your spell library was empty.

Dungeon Overview and Level Annotations

Branches:
Dungeon (3/15)

Altars:

Annotations:
D:1 exclusion: downstairs
D:2 Natasha, Sigmund


Message History

The bat is severely wounded.
The bat barely misses you. The bat completely misses you.
A ball python comes into view.
The goblin barely misses you.
The ball python hisses angrily.
The goblin hits you but does no damage.
You barely miss the jackal. The bat misses you.
A jackal comes into view.
The bat barely misses you.
A kobold comes into view. It is wielding a +0 club.
The jackal closely misses you. The jackal barely misses you.
The goblin hits you with a +0 club.
The jackal barks!
The kobold shouts!
You hit the jackal but do no damage.
You hear a shout! x2
The bat barely misses you. The jackal completely misses you.
The jackal bites you but does no damage. x2
The goblin hits you but does no damage.
Sigmund gestures wildly while chanting.
Sigmund flickers and vanishes!
The bat hits you.
The jackal bites you but does no damage.
The jackal bites you. x2
* * * LOW HITPOINT WARNING * * *
The jackal closely misses you.
A magic dart appears from out of thin air!
The magic dart hits you.
* * * LOW HITPOINT WARNING * * *
The jackal bites you.
* * * LOW HITPOINT WARNING * * *
As you read the scroll labelled WIWASO OTTAMO, it crumbles to dust.
You feel a surge of unholy energy.
The jackal convulses!
Something is bathed in an unholy light!
The jackal convulses! x2
The ball python convulses!
The goblin convulses!
The jackal convulses!
The kobold convulses!
It was a scroll of torment.
The bat hits you but does no damage. The jackal bites you.
* * * LOW HITPOINT WARNING * * *
The ball python bites you.
You die...

#........#
##........# ...
#.........# ...#
#.........# ...#
#.........# .K..#
#)........######.....
###.................#
#.............S.....#
#........#{b.@h.h....
#........#..ghh......
#........#...........
.
#........#...........
#
###.######...........
# #.# ###..(#####. #
#.# #...# # #.# #...#
# #.############
#######


You could see 4 jackals, a goblin, a bat, a ball python and a kobold.

Vanquished Creatures
  2 adders (D:2)
  A worm (D:3)
  A dart slug (D:1)
  2 orcs (D:3)
  3 bats
  3 endoplasms
  A giant cockroach (D:3)
  2 hobgoblins
  A jackal (D:3)
  3 kobolds
  4 ball pythons
  6 frilled lizards
  3 rats
32 creatures vanquished.

Vanquished Creatures (collateral kills)
  Natasha (D:2)
  A ball python (D:2)
  A goblin (D:3)
  A hobgoblin (D:3)
4 creatures vanquished.

Vanquished Creatures (others)
  An adder (D:3)
  A hobgoblin (D:2)
  A jackal (D:2)
3 creatures vanquished.

Grand Total: 39 creatures vanquished

Notes
Turn   | Place    | Note
-------+----------+-------------------------------------------
     0 | D:1      | H0rd4k the Human Artificer began the quest for the Orb.
     0 | D:1      | Reached XP level 1. HP: 15/15 MP: 1/1
   527 | D:1      | Reached XP level 2. HP: 16/21 MP: 2/2
  1392 | D:2      | Noticed Natasha
  1402 | D:2      | Killed Natasha
  1403 | D:2      | Reached skill level 4 in Evocations
  1403 | D:2      | Reached XP level 3. HP: 18/26 MP: 3/3
  1424 | D:2      | Noticed Sigmund
  1517 | D:2      | Reached XP level 4. HP: 32/32 MP: 4/4
  1730 | D:2      | Noticed Natasha
  2024 | D:3      | HP: 1/32 [hobgoblin (2)]
  2801 | D:2      | HP: 1/32 [jackal (2)]
  2801 | D:2      | Slain by a ball python

Illustrated notes

Levels and vault maps discovered:
D:1:      minmay_arrival_radiant_lines, layout_basic
D:2:      layout_basic, minivault_5, uniq_robin, uniq_sigmund, uniq_natasha
D:3:      layout_basic, nzn_wu_jian_contemplation,
          mainiacjoe_overflow_surrounded_room, minmay_guardbox

Skill      XL: |  1  2 |
---------------+-------+-----
Evocations     | 4 |  4.5
Fighting       | |  1.5
Short Blades   | |  0.5
Armour         | |  2.0
Dodging        | |  1.5
Stealth        | |  1.0

Action                   |  1- 3 |  4- 6 || total
-------------------------+-------+-------++-------
Melee: Club              |    37 |       ||    37
       Dagger            |    26 |   117 ||   143
Evoke: Wand              |     7 |    13 ||    20
  Use: Scroll            |       |     1 ||     1
Armor: Leather armour    |    16 |    62 ||    78
Dodge: Dodged            |    47 |   122 ||   169
